Map: Acid Plant LE

Players

Maru - Winner!

  • Race: Terran Terran
  • Spawn Location: 11:00

PtitDrogo

  • Race: Protoss Protoss
  • Spawn Location: 5:00

Event: IEM Season 12 - Katowice

VOD

Have the link to the VOD?

Description

Time

  • Played on: Feb. 26, 2018, 5:59 a.m.
  • Length: 15:00

All games in this series

Show
View Real Time Build Order
Export as new Build Order

Maru Terran - Winner!

Build Orders: Gas First Reaper Expand, Liberator Opening, Reaper Expand, MMM Bio 

Get SALT Encoding   

  12  0:01  SCV  
  13  0:13  SCV  
  14  0:17  Supply Depot  
  14  0:25  SCV  
  15  0:29  Refinery  
  15  0:38  SCV  
  16  0:45  Barracks  
  16  0:50  SCV  
  17  1:02  SCV  
  18  1:15  SCV  
  19  1:31  Orbital Command  
  19  1:32  Reaper  
  20  1:42  Command Center  
  20  1:53  Factory  
  20  1:57  SCV  
  21  2:05  Supply Depot  
  21  2:07  Barracks Reactor  
  21  2:10  SCV  
  21  2:14  Refinery  
  22  2:22  SCV  
  23  2:34  SCV  
  23  2:42  Starport  
  23  2:43  Marine x2  
  25  2:46  SCV  
  25  2:48  Widow Mine  
  28  2:54  Orbital Command  
  29  2:58  SCV  
  29  3:01  Marine x2  
  31  3:09  Widow Mine  
  32  3:19  Marine x2, Medivac  
  36  3:20  Supply Depot  
  36  3:21  SCV  
  36  3:23  SCV  
  38  3:30  Factory Tech Lab  
  38  3:36  SCV x2  
  38  3:37  Marine x2  
  42  3:42  Supply Depot  
  42  3:48  SCV x2, Liberator  
  44  3:49  Siege Tank  
  44  3:54  Marine x2  
  49  4:01  SCV x2  
  51  4:08  Supply Depot  
  54  4:12  Marine  
  54  4:13  SCV  
  56  4:17  SCV  
  56  4:19  Barracks  
  57  4:25  SCV  
  57  4:29  SCV  
  60  4:31  Barracks  
  60  4:32  Factory Reactor  
  60  4:35  Engineering Bay  
  60  4:37  SCV  
  60  4:41  SCV  
  60  4:42  Supply Depot  
  61  4:49  Marine  
  61  4:50  SCV, Stimpack  
  63  4:53  SCV  
  63  4:58  Bunker  
  64  5:01  Starport Reactor  
  64  5:02  SCV  
  64  5:05  SCV, Terran Infantry Weapons Level 1  
  65  5:07  Marine  
  65  5:14  SCV  
  65  5:18  SCV  
  65  5:21  Factory Reactor  
  62  5:23  Marine x2  
  62  5:25  Marine  
  62  5:26  SCV  
  62  5:27  Refinery  
  53  5:30  SCV  
  53  5:31  Marine x2  
  55  5:38  SCV  
  55  5:41  Marine x2  
  55  5:42  SCV  
  59  5:44  Command Center, Medivac, Marauder  
  59  5:49  Marine x2  
  65  5:55  Medivac, Barracks  
  65  5:56  Barracks  
  64  5:59  Marine x2  
  64  6:01  Widow Mine  
  64  6:02  Widow Mine, Refinery  
  70  6:06  Supply Depot  
  70  6:07  SCV x2  
  72  6:11  Missile Turret  
  72  6:14  Marine, Marauder  
  72  6:17  Marine x2  
  77  6:21  SCV  
  77  6:22  SCV  
  78  6:28  Widow Mine x2  
  78  6:30  Supply Depot  
  82  6:34  SCV, Medivac  
  85  6:41  Marine  
  85  6:43  Marine x2, Medivac, Marauder  
  85  6:44  Barracks Tech Lab x2  
  85  6:45  Marine  
  93  6:49  SCV  
  93  6:51  SCV  
  93  6:52  Supply Depot  
  95  6:55  Combat Shields  
  95  6:59  Widow Mine x2  
  99  7:01  SCV  
  99  7:02  Concussive Shells  
  99  7:07  Terran Infantry Armor Level 1  
  100  7:09  Orbital Command  
  100  7:10  Marine  
  100  7:14  Marine  
  100  7:15  Marauder  
  104  7:20  Widow Mine, Marine x2, Marauder  
  104  7:21  Marine  
  111  7:27  Marine  
  111  7:28  SCV  
  112  7:30  Widow Mine  
  112  7:32  Marine  
  112  7:34  SCV  
  112  7:36  Marauder  
  109  7:37  Marine x2  
  109  7:38  SCV  
  109  7:39  Marauder  
  106  7:45  SCV  
  106  7:46  SCV  
  106  7:48  Armory  
  106  7:49  Liberator x2  
  106  7:53  Marine x2, Engineering Bay  
  106  7:54  SCV  
  106  7:57  Supply Depot  
  109  7:58  Marine  
  109  7:59  Marine  
  111  8:08  Marine  
  111  8:11  Marine x2, Marauder  
  122  8:13  SCV  
  122  8:16  Marine  
  122  8:19  Marine  
  120  8:25  Marine  
  120  8:26  Marauder  
  119  8:29  Marine  
  119  8:33  Marauder  
  111  8:34  Marauder  
  111  8:36  Terran Infantry Weapons Level 2  
  111  8:38  SCV x3  
  111  8:40  Marine, Refinery x2  
  111  8:41  Marine  
  110  8:45  Marine  
  110  8:47  Marine  
  110  8:48  Marauder  
  107  8:50  SCV  
  107  8:54  Marauder  
  106  8:55  Widow Mine  
  106  8:56  Widow Mine, Medivac x2, Marauder  
  106  8:58  Marine  
  106  9:00  Missile Turret  
  113  9:03  Marine  
  113  9:04  SCV  
  113  9:06  Terran Infantry Armor Level 2  
  113  9:08  Marine x2  
  113  9:09  Marauder  
  119  9:16  Marine, Marauder  
  122  9:17  Marauder  
  122  9:19  Supply Depot x2  
  122  9:22  Marine  
  122  9:23  Widow Mine x2  
  129  9:28  Ghost Academy  
  129  9:31  Medivac x2  
  129  9:37  Supply Depot  
  129  9:38  Supply Depot  
  133  9:40  Marine x2, Marauder x2  
  138  9:45  SCV  
  138  9:46  SCV x2  
  138  9:49  Widow Mine x2  
  145  9:57  Marine x2, Marauder  
  148  10:02  Marauder  
  148  10:03  Command Center  
  148  10:06  Ghost  
  152  10:13  Widow Mine  
  152  10:14  Widow Mine  
  155  10:18  Ghost  
  157  10:22  Ghost  
  157  10:25  Barracks x2  
  159  10:35  Ghost, Missile Turret  
  161  10:37  Missile Turret  
  161  10:39  Missile Turret  
  161  10:40  Marine  
  162  10:46  Ghost, Supply Depot  
  162  10:48  Supply Depot  
  164  10:59  Terran Infantry Weapons Level 3  
  164  11:04  SCV  
  165  11:07  Ghost x2  
  165  11:08  SCV x2  
  166  11:27  Marine x2  
  166  11:28  Barracks Tech Lab, Marauder  
  166  11:29  Barracks Tech Lab  
  166  11:31  Marine  
  166  11:32  SCV x2  
  170  11:33  Terran Infantry Armor Level 3  
  170  11:36  Viking  
  170  11:37  Marauder x2  
  176  11:40  Starport  
  176  11:55  Command Center  
  176  11:57  Viking  
  176  12:00  Supply Depot  
  178  12:06  Viking  
  178  12:07  Marine  
  181  12:13  Marauder x3  
  187  12:21  Terran Ship Weapons Level 1, Marine x3  
  187  12:22  Marauder x2  
  194  12:25  Marine  
  195  12:34  Marauder  
  174  12:45  Marine x2  
  174  12:46  Marauder x2  
  174  12:47  Marine  
  174  12:48  Marine, Marauder x2  
  163  12:54  Orbital Command  
  163  12:55  Marine, Medivac  
  131  13:04  Marine x2  
  109  13:06  Marine  
  109  13:07  Marauder x2  
  95  13:16  SCV x2  
  95  13:19  Marine  
  93  13:22  Marine  
  89  13:28  SCV  
  89  13:29  Medivac  
  84  13:34  Marine  
  84  13:35  Marine  
  85  13:42  SCV x2  
  85  13:45  Marine  
  85  13:46  Marauder  
  90  13:52  SCV  
  90  13:54  SCV x2, Orbital Command  
  93  13:56  Marine  
  93  13:57  Marine  
  95  14:04  SCV, Medivac  
  95  14:06  SCV, Medivac  
  95  14:07  Marine  
  102  14:13  Marauder x2  
  102  14:15  SCV  
  107  14:23  Marine  
  107  14:24  Marine, Marauder x2  
  113  14:25  Marine x2  
  113  14:26  Marauder  
  117  14:32  SCV  
  117  14:34  Marauder x2  
  124  14:41  Marine x2  
Show
View Real Time Build Order
Export as new Build Order

PtitDrogo Protoss 

Build Orders: 1 Gate Expand, Oracle Opening, Phoenix Opening, Zealot Archon 

Get SALT Encoding   

  12  0:00  Probe  
  13  0:12  Probe  
  14  0:17  Pylon  
  14  0:25  Probe (Chrono Boost)  
  15  0:36  Gateway  
  15  0:37  Probe (Chrono Boost)  
  16  0:43  Probe (Chrono Boost)  
  16  0:45  Assimilator  
  17  0:51  Probe  
  18  1:03  Probe  
  19  1:15  Probe  
  20  1:21  Nexus  
  20  1:31  Cybernetics Core  
  20  1:34  Probe  
  20  1:39  Assimilator  
  21  1:46  Probe  
  22  1:50  Pylon  
  22  1:59  Probe  
  23  2:07  Adept (Chrono Boost)  
  23  2:11  Stargate  
  23  2:12  Probe  
  26  2:19  Warp Gate  
  26  2:24  Probe (Chrono Boost)  
  26  2:26  Adept  
  29  2:33  Probe (Chrono Boost)  
  29  2:36  Probe (Chrono Boost)  
  31  2:43  Probe (Chrono Boost)  
  31  2:44  Probe (Chrono Boost)  
  33  2:48  Probe (Chrono Boost)  
  33  2:50  Probe  
  34  2:54  Oracle (Chrono Boost)  
  38  2:59  Probe  
  38  3:00  Adept  
  38  3:05  Probe, Pylon  
  42  3:12  Probe  
  43  3:17  Probe  
  44  3:24  Probe  
  45  3:27  Phoenix (Chrono Boost), Forge  
  45  3:29  Probe  
  48  3:36  Probe  
  48  3:38  Assimilator  
  48  3:41  Probe  
  50  3:45  Gateway  
  50  3:47  Gateway  
  50  3:48  Probe  
  51  3:51  Phoenix (Chrono Boost)  
  51  3:53  Probe  
  51  3:55  Protoss Ground Armor Level 1 (Chrono Boost)  
  54  4:00  Probe  
  52  4:09  Phoenix (Chrono Boost)  
  52  4:12  Pylon  
  54  4:20  Nexus  
  54  4:23  Pylon  
  54  4:30  Probe x2, Twilight Council  
  56  4:37  Phoenix  
  58  4:41  Assimilator  
  58  4:42  Probe  
  60  4:51  Stalker x2  
  60  4:52  Zealot  
  65  4:56  Probe  
  66  5:13  Stalker  
  66  5:14  Stalker  
  66  5:15  Stalker  
  68  5:23  Probe  
  68  5:26  Probe  
  68  5:27  Charge  
  57  5:29  Phoenix  
  57  5:33  Probe  
  57  5:35  Probe  
  61  5:38  Probe  
  61  5:42  Stalker  
  63  5:46  Probe  
  63  5:47  Probe  
  65  5:51  Probe  
  65  5:53  Protoss Ground Armor Level 2 (Chrono Boost)  
  66  5:58  Probe  
  66  5:59  Probe  
  66  6:03  Probe  
  69  6:10  Probe  
  70  6:12  Gateway  
  70  6:14  Gateway  
  70  6:15  Gateway  
  70  6:17  Probe x2  
  72  6:22  Templar Archives  
  72  6:27  Phoenix  
  72  6:29  Probe  
  72  6:31  Probe  
  76  6:34  Gateway  
  76  6:38  Gateway  
  77  6:41  Probe  
  77  6:42  Sentry  
  77  6:43  Zealot  
  82  6:51  Probe  
  82  6:53  Pylon  
  82  6:55  Zealot  
  82  7:00  Pylon  
  84  7:02  Pylon  
  84  7:05  Pylon  
  84  7:11  Robotics Facility  
  84  7:14  High Templar x2  
  84  7:15  Zealot x3  
  92  7:19  Archon  
  92  7:23  Pylon, Phoenix  
  92  7:25  Pylon  
  92  7:27  Zealot  
  90  7:30  Zealot  
  90  7:35  Zealot x3  
  86  7:46  Zealot x3  
  86  7:48  Phoenix (Chrono Boost)  
  86  7:51  Protoss Ground Weapons Level 1 (Chrono Boost), Zealot x2  
  92  7:55  Probe  
  97  7:58  Pylon  
  97  7:59  Zealot x3  
  97  8:05  Warp Prism  
  105  8:11  Phoenix (Chrono Boost)  
  107  8:14  Zealot x3  
  107  8:17  Zealot  
  105  8:26  Zealot, High Templar x2  
  105  8:27  Zealot  
  95  8:34  Phoenix  
  95  8:38  Archon  
  95  8:40  Zealot x3  
  93  8:54  Probe  
  86  8:56  Zealot x3  
  86  8:59  Phoenix  
  94  9:04  Zealot, Sentry, Blink  
  94  9:05  Zealot x3  
  94  9:08  Pylon, Assimilator x2  
  104  9:21  Probe x2  
  106  9:28  Robotics Bay  
  106  9:30  Protoss Ground Weapons Level 2 (Chrono Boost)  
  106  9:34  Zealot x7  
  120  9:41  Pylon, Zealot  
  120  9:43  Pylon  
  122  9:51  Pylon  
  122  9:56  Observer (Chrono Boost)  
  123  10:03  Pylon  
  123  10:10  Zealot x4, High Templar  
  123  10:11  Zealot x2, High Templar  
  139  10:15  Colossus (Chrono Boost)  
  143  10:22  Robotics Facility  
  143  10:24  Archon  
  143  10:31  Stalker x3  
  149  10:52  Colossus (Chrono Boost)  
  149  10:56  Nexus  
  153  11:03  Zealot, High Templar x2  
  153  11:04  Zealot x4  
  165  11:08  Archon  
  167  11:18  Stalker  
  167  11:24  Pylon  
  167  11:26  Pylon  
  167  11:34  Pylon  
  167  11:38  Nexus  
  167  11:39  Pylon  
  167  11:45  Colossus x2 (Chrono Boost)  
  177  12:07  Stalker x6  
  187  12:09  Protoss Ground Weapons Level 3 (Chrono Boost)  
  187  12:14  Pylon  
  183  12:31  Stalker x5  
  175  12:47  Zealot x2  
  163  12:53  Zealot  
  163  12:56  Zealot x2  
  163  12:57  Zealot x3  
  124  13:10  Zealot x2  
  82  13:22  High Templar x6  
  82  13:26  Archon x2  
  91  13:27  Archon  
  85  13:40  Colossus (Chrono Boost)  
  79  13:44  Assimilator  
  79  13:45  Zealot x2, Assimilator  
  89  13:56  Sentry  
  89  14:00  Zealot x2  
  95  14:07  Zealot x2  
  95  14:09  Nexus  
  99  14:14  Colossus (Chrono Boost)  
  103  14:29  Stalker  
  109  14:42  Zealot  
  109  14:44  Zealot x3, High Templar x2  
  121  14:48  Archon  
  121  14:52  Zealot, Stalker  

Tags
 
Add a new tag
Caveats
  • Supply blocks, unpowered buildings, or Contaminate may cause inaccurate times.
  • Supply counts are checked every 10 seconds.